 Dungeon Crawl Stone Soup version 0.30.0-5-g1a98f26d00 (webtiles) character file.

Game seed: 1070823114554997106

60 howech the Twirler (level 3, 0/31 HPs)
             Began as a Minotaur Gladiator on May 13, 2023.
             Slain by an orc wizard
             ... wielding a +0 dagger
              (1 damage)
             ... on level 3 of the Dungeon.
             The game lasted 00:03:06 (1644 turns).

howech the Twirler (Minotaur Gladiator)             Turns: 1644, Time: 00:03:07

Health: 0/31       AC:  3    Str: 18    XL:     3   Next: 82%
Magic:  2/2        EV: 12    Int:  7    God:
Gold:   87         SH:  0    Dex: 11    Spells: 2/2 levels left

rFire   . . .        a - +0 quarterstaff
rCold   . . .        (shield currently unavailable)
rNeg    . . .        b - +0 leather armour
rPois   .            c - +0 hat
rElec   .            (no cloak)
rCorr   .            (no gloves)
SInv    .            (no boots)
Will    .....        (no amulet)
Stlth   +            (no ring)
HPRegen 0.25/turn    (no ring)
MPRegen 0.08/turn

%: no passive effects
@: no status effects
A: horns 2, retaliatory headbutt
a: no special abilities


You were on level 3 of the Dungeon.
You visited 1 branch of the dungeon, and saw 3 of its levels.

You collected 87 gold pieces.

Inventory:

Hand Weapons
 a - a +0 quarterstaff (weapon)
 n - the +1 dagger "Goblinbane" {freeze, rN+ Will- Stlth+}
   (You found it on level 2 of the Dungeon)

   rN:        It protects you from negative energy.
   Will:      It decreases your willpower.
   Stlth:     It makes you more stealthy.
Missiles
 d - 3 throwing nets (quivered)
 e - a javelin
 i - 12 poisoned darts
Armour
 b - a +0 leather armour (worn)
 c - a +0 hat (worn)
Jewellery
 h - a +5 ring of evasion
Scrolls
 j - a scroll of teleportation {unknown}
 k - a scroll of poison {unknown}
 l - a scroll of magic mapping {unknown}
 m - a scroll of identify {unknown}
Potions
 f - a potion of berserk rage {unknown}
 g - 4 potions of heal wounds {unknown}
 o - a potion of lignification {unknown}
 p - 2 potions of attraction {unknown}


   Skills:
 + Level 3.2 Fighting
 + Level 4.2 Staves
 + Level 2.6 Throwing
 + Level 3.9 Dodging


You had 2 spell levels left.
You didn't know any spells.
Your spell library contained the following spells:

 Spells                   Type           Power      Damage    Failure   Level
 Beastly Appendage        Tmut           0%         N/A       50%         1
 Wereblood                Tmut           0%         N/A       63%         2
 Spider Form              Tmut/Pois      0%         N/A       86%         3
 Vhi's Electric Charge    Tloc/Air       0%         N/A       86%         3
 Arcjolt                  Conj/Air       0%         1d10      100%        5
 Plasma Beam              Fire/Air       0%         2x1d11    100%        6


Dungeon Overview and Level Annotations

Branches:
Dungeon (3/15)

Altars:


Innate Abilities, Weirdness & Mutations

You have a pair of horns on your head.
You reflexively headbutt those who attack you in melee.


Message History

Beogh smites you!
The orc priest miscasts a cantrip.
The goblin barely misses you.
You completely miss the goblin. The goblin hits you with a +0 dagger.
An orc comes into view. It is wielding a +0 flail.
The orc shouts!
You hit the goblin but do no damage. The goblin misses you.
A worm comes into view.
An orc wizard comes into view. It is wielding a +0 dagger.
The goblin closely misses you.
The orc priest hits you from afar with a +0 trident.
The orc wizard shouts!
You hit the goblin.
You kill the goblin!
An orc wizard comes into view. It is wielding a +0 dagger.
The orc priest barely misses you.
You see here a +0 dagger.
You hit the orc. You headbutt the orc.
The orc is almost dead.
The orc priest hits you from afar with a +0 trident.
* * * LOW HITPOINT WARNING * * *
The orc closely misses you.
The orc wizard mumbles some strange words.
The orc wizard flickers and vanishes!
Deactivating autopickup; reactivate with Ctrl-A.
An orc comes into view. It is wielding a +0 trident.
The orc wizard gestures at you while chanting.
The puff of flame hits something!
The orc priest closely misses you. The orc attacks as you move away!
The orc closely misses you.
The orc wizard gestures wildly while chanting.
The orc wizard flickers and vanishes!
Okay, then.
You hit the orc.
You kill the orc!
The orc priest calls down the wrath of Beogh upon you.
Beogh smites you!
* * * LOW HITPOINT WARNING * * *
You barely miss something. Something hits you.
You die...

#...# #.#.# #...#
#.#.###+### #...#
#.#........ #...# #>..w.w.#
#...###..oo.# #.........#.#
#....####.# # ##'#.#..#)#
#.#....#@# #. ....
#######.####.#.# #.. ...##
#..............###.#.###.#..
#.......####.#...#.#......#
#.......# #.#.#.#.#......#
######### #.#.#.#........#
#....<..#......#
###.###.#...>.)#
#.....#.#.######


You could see a worm, an orc priest and an orc.

Vanquished Creatures
  An adder (D:3)
  2 dart slugs (D:1)
  An orc (D:3)
  3 bats
  3 endoplasms
  5 goblins
  7 hobgoblins
  6 jackals (D:1)
  2 quokkas (D:1)
  3 ball pythons
  A frilled lizard (D:2)
  3 kobolds
  5 rats
42 creatures vanquished.

Notes
Turn   | Place    | Note
-------+----------+-------------------------------------------
     0 | D:1      | howech the Minotaur Gladiator began the quest for the Orb.
     0 | D:1      | Reached XP level 1. HP: 18/18 MP: 0/0
   242 | D:1      | Reached XP level 2. HP: 25/25 MP: 1/1
   319 | D:1      | Reached skill level 4 in Staves
   390 | D:1      | Reached XP level 3. HP: 30/31 MP: 2/2
  1204 | D:2      | Identified the +1 dagger "Goblinbane" {freeze, rN+ Will-
                  | Stlth+}
  1643 | D:3      | HP: 1/31 [orc priest/divine providence (10)]
  1644 | D:3      | Slain by an orc wizard

Illustrated notes

Levels and vault maps discovered:
D:1:      dpeg_arrival_three_smaller_balls, layout_loops_cross
D:2:      layout_loops_ring
D:3:      layout_basic, grunt_ministairs_4

Skill      XL: |  1  2 |
---------------+-------+-----
Staves         | 4 |  4.2
Fighting       | 3 |  3.2
Throwing       | |  2.6
Dodging        | |  3.9

Action                     || total
---------------------------++-------
  Melee: Quarterstaff      ||    92
         Headbutt          ||    11
 Armour: Leather armour    ||    24
  Dodge: Dodged            ||    58
